 Dungeon Crawl Stone Soup version 0.29.1-1-gd02db6906a (webtiles) character file.

Game seed: 12791646530091559372

37 warriortoast the Conjurer (level 3, -6/19 HPs)
             Began as a Deep Elf Conjurer on Oct 11, 2022.
             Mangled by an ice beast (12 damage)
             ... on level 2 of the Dungeon.
             The game lasted 00:03:04 (1346 turns).

warriortoast the Conjurer (Deep Elf Conjurer)       Turns: 1346, Time: 00:03:05

Health: -6/19      AC:  2    Str:  4    XL:     3   Next: 23%
Magic:  6/10       EV: 12    Int: 24    God:
Gold:   98         SH:  0    Dex: 13    Spells: 6/10 levels left

rFire   . . .      SeeInvis .   c - +2 short sword (venom)
rCold   . . .      Faith    .   (no shield)
rNeg    . . .      Spirit   .   a - +0 robe
rPois   .          Reflect  .   (no helmet)
rElec   .          Harm     .   (no cloak)
rCorr   .          Rampage  .   (no gloves)
Will    .....                   (no boots)
Stlth   ++........              (no amulet)
HPRegen 0.06/turn               (no ring)
MPRegen 0.12/turn               (no ring)

@: no status effects
A: no striking features
a: no special abilities


You were on level 2 of the Dungeon.
You visited 1 branch of the dungeon, and saw 3 of its levels.

You collected 98 gold pieces.

Inventory:

Hand Weapons
 c - a +2 short sword of venom (weapon)
Armour
 a - a +0 robe (worn)
Scrolls
 f - a scroll of poison {unknown}
 g - a scroll of brand weapon {unknown}
 i - a scroll of enchant weapon {unknown}
 j - a scroll of acquirement {unknown}
Potions
 b - a potion of magic
 d - a potion of lignification {unknown}
 e - a potion of resistance {unknown}
 h - a potion of berserk rage {unknown}
 k - a potion of curing {unknown}


   Skills:
 - Level 2.4 Dodging
 - Level 2.4 Stealth
 + Level 4.1 Spellcasting
 + Level 5.0 Conjurations
 + Level 0.4 Hexes


You had 6 spell levels left.
You knew the following spells:

 Your Spells              Type           Power      Damage    Failure   Level
a - Magic Dart            Conj           100%       1d8       1%          1
b - Dazzling Flash        Conj/Hex       36%        N/A       10%         3

Your spell library contained the following spells:

 Spells                   Type           Power      Damage    Failure   Level
 Searing Ray              Conj           58%        2d6       1%          2
 Mephitic Cloud           Conj/Pois/Air  13%        N/A       14%         3
 Ignite Poison            Fire/Tmut/Pois 5%         N/A       28%         3
 Fulminant Prism          Conj/Hex       9%         3d7       30%         4
 Iskenderun's Mystic Bla  Conj/Tloc      17%        2d5       34%         4
 Freezing Cloud           Conj/Ice/Air   6%         6-21      80%         5


Dungeon Overview and Level Annotations

Branches:
Dungeon (3/15)

Altars:


Message History

The magic dart hits the ice beast but does no damage.
The ice beast is lightly wounded.
Found a stone staircase leading down.
An adder comes into view.
Found a scroll labelled HOCWAO VADOAPH.
A ball python comes into view.
Found an Inescapable Atlas.
The ball python hisses angrily.
The ball python bites you. The ball python completely misses you.
The ball python bites you. The ball python closely misses you.
The ball python barely misses you. x2
The ball python attacks as you move away!
The ball python bites you.
A dart slug comes into view.
The ball python bites you but does no damage.
The ball python closely misses you.
There is a stone staircase leading up here.
The ball python misses you. The ball python grabs you.
You stop ascending the stairs.
The ball python constricts you. The ball python closely misses you.
The ball python's grasp on you weakens, but your attempt to escape fails.
The ball python closely misses you. The ball python constricts you.
The ball python bites you but does no damage. x2
The ball python barely misses you. The ball python constricts you.
The magic dart hits the ball python.
You kill the ball python!
The ball python closely misses you. The ball python grabs you.
The ball python constricts you.
The ball python's grasp on you weakens, but your attempt to escape fails.
The ball python bites you but does no damage.
The ball python constricts you.
The magic dart hits the ball python.
You kill the ball python!
The ice beast completely misses you.
You climb upwards.
There is a stone staircase leading down here.
The ice beast attacks as you move away! The ice beast hits you.
The ice beast freezes you!
Ouch! That really hurt!
You die...

.....###.##..........#
##.#
#######..............#
#..# #..............#
#.##
#..............#####.#
####..#........#.....##
#............[.....#
#..####............#
#..####...##.......#
#.....Y@#..........#
##.................#
##..>........######
######......# #......#
#####.########
#........# #........#
#........#


You could see an ice beast.

Vanquished Creatures
  An adder (D:2)
  3 ball pythons
  5 endoplasms
  A giant cockroach (D:2)
  3 goblins
  3 hobgoblins (D:1)
  3 jackals
  A bat (D:1)
  3 frilled lizards
  2 kobolds
  A rat (D:1)
26 creatures vanquished.

Notes
Turn   | Place    | Note
-------+----------+-------------------------------------------
     0 | D:1      | warriortoast the Deep Elf Conjurer began the quest for the
                  | Orb.
     0 | D:1      | Reached XP level 1. HP: 10/10 MP: 6/6
    86 | D:1      | Found a faded altar of an unknown god.
   241 | D:1      | Reached XP level 2. HP: 15/15 MP: 3/8
  1035 | D:2      | Reached skill level 5 in Conjurations
  1035 | D:2      | Reached XP level 3. HP: 19/19 MP: 7/10
  1040 | D:2      | Learned a level 3 spell: Dazzling Flash
  1314 | D:3      | Noticed an ice beast
  1346 | D:2      | Mangled by an ice beast

Illustrated notes

Levels and vault maps discovered:
D:1:      beargit_arrival_greenhouse, layout_rooms,
          shapermc_ecumenical_altar_mp_highgroup
D:2:      layout_basic
D:3:      layout_basic, st_stairs_9, kennysheep_generic_room_12

Skill      XL: |  1  2 |
---------------+-------+-----
Spellcasting   | 4 |  4.1
Conjurations   | 5 |  5.0
Dodging        | |  2.4
Stealth        | |  2.4
Hexes          | |  0.4

Action                   || total
-------------------------++-------
 Cast: Magic Dart        ||    46
Armor: Robe              ||     4
Dodge: Dodged            ||    12
